 Dungeon Crawl Stone Soup version 0.28.0-53-g5a82cb258f (webtiles) character file.

Game seed: 16914442396340125675

312 Zeld the Gusty (level 6, 0/32 HPs)
             Began as a Tengu Air Elementalist on May 21, 2022.
             Succumbed to a killer bee's poison
             ... on level 6 of the Dungeon.
             The game lasted 00:03:23 (4343 turns).

Zeld the Gusty (Tengu Air Elementalist)             Turns: 4343, Time: 00:03:24

Health: 0/32       AC:  2    Str:  8    XL:     6   Next: 42%
Magic:  0/13       EV: 14    Int: 18    God:
Gold:   75         SH:  0    Dex: 14    Spells: 3/13 levels left

rFire   . . .      SeeInvis .   (no weapon)
rCold   . . .      Faith    .   (no shield)
rNeg    . . .      Spirit   .   a - +0 robe
rPois   .          Reflect  .   (helmet restricted)
rElec   .          Harm     .   (no cloak)
rCorr   .          Rampage  .   (no gloves)
Will    .....                   (boots unavailable)
Stlth   ++........              (no amulet)
HPRegen 0.10/turn               (no ring)
MPRegen 0.13/turn               (no ring)

@: lethally poisoned (0 -> -13), flying quickly and evasively, very slightly
contaminated, quick
A: beak, talons 3, nimble flight
a: no special abilities


You were on level 6 of the Dungeon.
You visited 1 branch of the dungeon, and saw 4 of its levels.

You collected 75 gold pieces.

Inventory:

Armour
 a - a +0 robe (worn)
Scrolls
 c - 2 scrolls of fear {unknown}
 d - a scroll of torment {unknown}
 e - 2 scrolls of identify {unknown}
 f - 2 scrolls of teleportation {unknown}
 g - a scroll of holy word {unknown}
 h - a scroll of enchant armour {unknown}
 j - 3 scrolls of noise {unknown}
Potions
 b - a potion of attraction {unknown}
 i - a potion of ambrosia {unknown}


   Skills:
 - Level 2.1 Dodging
 - Level 2.0 Stealth
 * Level 4.0 Spellcasting
 + Level 3.7 Conjurations
 * Level 6.6 Air Magic


You had 3 spell levels left.
You knew the following spells:

 Your Spells              Type           Power      Damage    Failure   Level
a - Shock                 Conj/Air       88%        1d8       1%          1
b - Static Discharge      Conj/Air       22%        N/A       2%          2
c - Swiftness             Air            27%        N/A       2%          3
d - Airstrike             Air            13%        N/A       10%         4

Your spell library contained the following spells:

 Spells                   Type           Power      Damage    Failure   Level


Dungeon Overview and Level Annotations

Branches:
Dungeon (3/15)

Altars:
Zin

Shops:
D:1 (


Innate Abilities, Weirdness & Mutations

You have a beak for a mouth.
You have claws for feet.
Your magical nature lets you fly swiftly and evasively.


Message History

You don't have enough magic to cast this spell.
Unknown command.
You miss the killer bee. You claw the killer bee.
Your peck misses the killer bee.
The killer bee is moderately wounded.
The killer bee barely misses you. The killer bee closely misses you.
You barely miss the killer bee. Your kick misses the killer bee.
Your peck misses the killer bee.
The killer bee is moderately wounded.
The killer bee barely misses you. The killer bee closely misses you.
The killer bee stings you.
You are poisoned.
The killer bee poisons you!
You feel very sick. The killer bee closely misses you.
You feel sick.
You feel sick. The killer bee stings you!
You are lethally poisoned!
The killer bee poisons you!
Casting: Shock (safe; 1% risk of failure)
Confirm with . or Enter, or press ? or * to list all spells.
Aiming: Shock (safe; 1% risk of failure)
Press: ? - help, Shift-Dir - straight line, f/p - killer bee
Aim: a killer bee (moderately wounded, 48% to hit)
The zap hits the killer bee.
The killer bee is moderately wounded.
You feel very sick. The killer bee closely misses you.
The killer bee misses you.
Okay, then.
* * * LOW HITPOINT WARNING * * *
You feel very sick.
The killer bee stings you but does no damage.
* * * LOW HITPOINT WARNING * * *
You feel sick. The killer bee completely misses you.
* * * LOW HITPOINT WARNING * * *
You feel sick. The killer bee stings you.
* * * LOW HITPOINT WARNING * * *
You are more poisoned.
The killer bee poisons you!
You die...

..>........'†....#
...........#####.#
.....y###### #.#
y.... #.# .... #.#
.## #.# +## #y#
...########## #.#
............# #@#
............####.#
............'....#
............######
...##........#
...##........#
#...........#
##.....#######
.......#


You could see a killer bee.

Vanquished Creatures
  3 killer bees (D:6)
  A howler monkey skeleton (D:6)
  9 adders
  A white imp (D:6)
  A worm (D:2)
  3 dart slugs
  8 endoplasms
  6 giant cockroaches
  7 goblins
  11 hobgoblins
  3 quokkas
  2 ball pythons
  4 bats
  3 frilled lizards
  6 kobolds
  5 rats
73 creatures vanquished.

Vanquished Creatures (others)
  A plant (D:6)
1 creature vanquished.

Grand Total: 74 creatures vanquished

Notes
Turn   | Place    | Note
-------+----------+-------------------------------------------
     0 | D:1      | Zeld the Tengu Air Elementalist began the quest for the
                  | Orb.
     0 | D:1      | Reached XP level 1. HP: 10/10 MP: 4/4
   192 | D:1      | Reached XP level 2. HP: 15/15 MP: 4/6
   238 | D:1      | Learned a level 2 spell: Static Discharge
   268 | D:1      | Found Xumituack's Weapon Shop.
   602 | D:1      | Reached XP level 3. HP: 18/19 MP: 0/7
   610 | D:1      | Learned a level 3 spell: Swiftness
  1528 | D:2      | Reached skill level 5 in Air Magic
  1547 | D:2      | Reached XP level 4. HP: 19/24 MP: 2/9
  2417 | D:2      | Found a glowing silver altar of Zin.
  2699 | D:3      | Gained mutation: Your magical nature lets you fly swiftly
                  | and evasively. [Tengu growth]
  2699 | D:3      | Reached XP level 5. HP: 28/28 MP: 5/10
  2756 | D:3      | Learned a level 4 spell: Airstrike
  2955 | D:3      | Found a faded altar of an unknown god.
  3404 | D:3      | You are sucked into a shaft and drop 3 floors!
  3457 | D:6      | Reached skill level 6 in Air Magic
  4111 | D:6      | Reached XP level 6. HP: 24/32 MP: 2/12
  4343 | D:6      | Succumbed to a killer bee's poison

Illustrated notes

Levels and vault maps discovered:
D:1:      amcnicky_arrival_gap_in_the_tavern_cellar, layout_basic, serial_shops,
          nicolae_shop_bloodbath_and_beyond, chequers_jeans
D:2:      layout_rooms, basic_altar
D:3:      layout_basic, mainiacjoe_overflow_boulevard,
          nicolae_ecumenical_lake_church
D:6:      corexii_shantytown, layout_basic, uniq_grinder, uniq_blork_the_orc

Skill      XL: |  1  2  3  4  5  6 |
---------------+-------------------+-----
Conjurations   | 2 3 |  3.7
Air Magic      | 5 6 |  6.6
Spellcasting   | 3 4 |  4.0
Dodging        | |  2.1
Stealth        | |  2.0

Action                   |  1- 3 |  4- 6 || total
-------------------------+-------+-------++-------
Melee: Unarmed           |    12 |    23 ||    35
       Kick              |     8 |     8 ||    16
       Peck              |     3 |     4 ||     7
       Punch             |       |     1 ||     1
 Cast: Shock             |    50 |    42 ||    92
       Static Discharge  |     6 |    28 ||    34
       Airstrike         |       |     4 ||     4
 Stab: Sleeping          |       |     3 ||     3
Armor: Robe              |     5 |     8 ||    13
Dodge: Dodged            |    22 |    51 ||    73
